Workbook

Sheet Template
B1: Investment | C1: Time | D1: ROI
A2: Current Investment Balance | B2: 0 | C2: =B2 -> 0 | D2: =C2 -> 0
A4: Annual Investment | B4: =PMT(B6,B5,B2,-B8,1) -> 1749.5532 | C4: =B4 -> 1749.5532 | D4: =C4 -> 1749.5532
A5: Number of Years Remaining | B5: 20 | C5: =NPER(C6,-C4,C2,C8,1) -> 20 | D5: =B5 -> 20
A6: Asset ROI | B6: 0.25 | C6: =B6 -> 0.25 | D6: =RATE(D5,-D4,-D2,D8,1) -> 0.25
A8: Income Producing Assets Goal | B8: 750000 | C8: =B8 -> 750000 | D8: =C8 -> 750000
A10: Year | B10: Beginning Balance | C10: Investment + RIO | D10: Ending Balance
A11: 1 | B11: =B2 -> 0 | C11: =((B11+$B$4)*$B$6)+$B$4 -> 2186.9415 | D11: =B11+C11 -> 2186.9415
A12: =A11+1 -> 2 | B12: =D11 -> 2186.9415 | C12: =((B12+$B$4)*$B$6)+$B$4 -> 2733.6769 | D12: =B12+C12 -> 4920.6185
A13: =A12+1 -> 3 | B13: =D12 -> 4920.6185 | C13: =((B13+$B$4)*$B$6)+$B$4 -> 3417.0962 | D13: =B13+C13 -> 8337.7146
A14: =A13+1 -> 4 | B14: =D13 -> 8337.7146 | C14: =((B14+$B$4)*$B$6)+$B$4 -> 4271.3702 | D14: =B14+C14 -> 12609.085
A15: =A14+1 -> 5 | B15: =D14 -> 12609.085 | C15: =((B15+$B$4)*$B$6)+$B$4 -> 5339.2127 | D15: =B15+C15 -> 17948.298
A16: =A15+1 -> 6 | B16: =D15 -> 17948.298 | C16: =((B16+$B$4)*$B$6)+$B$4 -> 6674.0159 | D16: =B16+C16 -> 24622.313
A17: =A16+1 -> 7 | B17: =D16 -> 24622.313 | C17: =((B17+$B$4)*$B$6)+$B$4 -> 8342.5199 | D17: =B17+C17 -> 32964.833
A18: =A17+1 -> 8 | B18: =D17 -> 32964.833 | C18: =((B18+$B$4)*$B$6)+$B$4 -> 10428.15 | D18: =B18+C18 -> 43392.983
A19: =A18+1 -> 9 | B19: =D18 -> 43392.983 | C19: =((B19+$B$4)*$B$6)+$B$4 -> 13035.187 | D19: =B19+C19 -> 56428.171
A20: =A19+1 -> 10 | B20: =D19 -> 56428.171 | C20: =((B20+$B$4)*$B$6)+$B$4 -> 16293.984 | D20: =B20+C20 -> 72722.155
A21: =A20+1 -> 11 | B21: =D20 -> 72722.155 | C21: =((B21+$B$4)*$B$6)+$B$4 -> 20367.48 | D21: =B21+C21 -> 93089.635
A22: =A21+1 -> 12 | B22: =D21 -> 93089.635 | C22: =((B22+$B$4)*$B$6)+$B$4 -> 25459.35 | D22: =B22+C22 -> 118548.99
A23: =A22+1 -> 13 | B23: =D22 -> 118548.99 | C23: =((B23+$B$4)*$B$6)+$B$4 -> 31824.188 | D23: =B23+C23 -> 150373.17
... A30: =A29+1 -> 20 | B30: =D29 -> 598250.45 | C30: =((B30+$B$4)*$B$6)+$B$4 -> 151749.55 | D30: =B30+C30 -> 750000

Sheet Investment
B1: Investment | C1: Time | D1: ROI
A2: Current Investment Balance | B2: =Template!B2 -> 0 | C2: =B2 -> 0 | D2: =C2 -> 0
A4: Annual Investment | B4: =PMT(B6,B5,B2,-B8,1) -> 1749.5532 | C4: =B4*2 -> 3499.1065 | D4: =C4 -> 3499.1065
A5: Number of Years Remaining | B5: =Template!B5 -> 20 | C5: =NPER(C6,-C4,C2,C8,1) -> 16.945088 | D5: =B5 -> 20
A6: Asset ROI | B6: =Template!B6 -> 0.25 | C6: =B6 -> 0.25 | D6: =RATE(D5,-D4,D2,D8,1) -> 0.1965852
A8: Income Producing Assets Goal | B8: =Template!B8 -> 750000 | C8: =B8 -> 750000 | D8: =C8 -> 750000
A10: Doubling the annual investment amount has the following effects on Time and ROI:
A11: - Time: Reduces by: | B11: =(B5-C5)/B5 -> 0.1527456
A12: - ROI: Reduces by: | B12: =(C6-D6)/C6 -> 0.21365919

Sheet Time
B1: Investment | C1: Time | D1: ROI
A2: Current Investment Balance | B2: =Template!B2 -> 0 | C2: =B2 -> 0 | D2: =C2 -> 0
A4: Annual Investment | B4: =PMT(B6,B5,B2,-B8,1) -> 18043.537 | C4: =Investment!C4 -> 3499.1065 | D4: =C4 -> 3499.1065
A5: Number of Years Remaining | B5: =Template!B5/2 -> 10 | C5: =NPER(C6,-C4,C2,C8,1) -> 16.945088 | D5: =B5 -> 10
A6: Asset ROI | B6: =Template!B6 -> 0.25 | C6: =Template!C6 -> 0.25 | D6: =RATE(D5,-D4,D2,D8,1) -> 0.5428257
A8: Income Producing Assets Goal | B8: =Template!B8 -> 750000 | C8: =B8 -> 750000 | D8: =C8 -> 750000
A10: Halving the investment time has the following effects on Investment and ROI:
A11: - Investment: Increases by: | B11: =(B4-C4)/C4 -> 4.1566129
A12: - ROI: Increases by: | B12: =(D6-C6)/C6 -> 1.1713028

Sheet ROI
B1: Investment | C1: Time | D1: ROI
A2: Current Investment Balance | B2: =Template!B2 -> 0 | C2: =B2 -> 0 | D2: =C2 -> 0
A4: Annual Investment | B4: =PMT(B6,B5,B2,-B8,1) -> 75.204781 | C4: =Template!C4 -> 1749.5532 | D4: =C4 -> 1749.5532
A5: Number of Years Remaining | B5: =Template!B5 -> 20 | C5: =NPER(C6,-C4,C2,C8,1) -> 12.255245 | D5: =B5 -> 20
A6: Asset ROI | B6: =Template!B6*2 -> 0.5 | C6: =B6 -> 0.5 | D6: =RATE(D5,-D4,D2,D8,1) -> 0.25
A8: Income Producing Assets Goal | B8: =Template!B8 -> 750000 | C8: =D8 -> 750000 | D8: =Template!$D$8 -> 750000
A10: Doubling the ROI has the following effects on Investment and Time:
A11: - Investment: Decreases by: | B11: =(C4-B4)/C4 -> 0.95701487
A12: - Time: Reduces by: | B12: =(B5-C5)/B5 -> 0.38723774
